 Dungeon Crawl Stone Soup version 0.24.0-1-gfbc8707 (webtiles) character file.

Game seed: 17157435793607339309, levelgen mode: deterministic

263 Buxparty the Covert (level 5, -2/25 HPs)
             Began as a Spriggan Assassin on Jan 1, 2020.
             Killed by divine providence
             ... invoked by an orc priest
              (15 damage)
             ... on level 4 of the Dungeon.
             The game lasted 00:12:03 (4327 turns).

Buxparty the Covert (Spriggan Assassin)             Turns: 4327, Time: 00:12:04

Health: -2/25      AC:  3    Str:  8    XL:     5   Next: 98%
Magic:  6/6        EV: 21    Int: 12    God:
Gold:   259        SH:  0    Dex: 18    Spells: 4/4 levels left

rFire    . . .     SeeInvis +   a - +2 dagger
rCold    . . .     Gourm    .   (shield restricted)
rNeg     . . .     Faith    .   b - +0 robe
rPois    .         Spirit   .   (helmet restricted)
rElec    .         Reflect  .   c - +0 cloak
rCorr    .         Harm     +   (gloves unavailable)
MR       .....                  (boots unavailable)
Stlth    ++++......             n - amulet of harm
HPRegen  0.08/turn              (no ring)
MPRegen  0.10/turn              (no ring)

@: very quick
A: very small, unfitting armour, see invisible, herbivore, speed 3, slow
metabolism 2
a: no special abilities


You were on level 4 of the Dungeon.
You were full.

You visited 1 branch of the dungeon, and saw 4 of its levels.

You collected 259 gold pieces.

Inventory:

Hand Weapons
 a - a +2 dagger (weapon)
 p - a +0 hunting sling
 y - a +0 hunting sling
Missiles
 d - 14 poisoned darts
 e - 8 curare-tipped darts (quivered)
 x - 3 atropa-tipped darts
Armour
 b - a +0 robe (worn)
 c - a +0 cloak (worn)
Jewellery
 m - an uncursed amulet of the gourmand
 n - an amulet of harm (around neck)
 v - an uncursed ring of protection from cold {unknown}
Scrolls
 g - 3 scrolls of teleportation {unknown}
 h - a scroll of immolation {unknown}
 j - 8 scrolls of identify {unknown}
 t - 2 scrolls of remove curse {unknown}
 u - a scroll of blinking {unknown}
Potions
 i - a potion of might {unknown}
 k - 2 potions of mutation {unknown}
 l - 2 potions of heal wounds {unknown}
 o - a potion of degeneration {unknown}
 q - a potion of flight {unknown}
 r - 2 potions of haste {unknown}
 s - 2 potions of magic {unknown}
 w - 2 potions of curing
Comestibles
 f - 6 rations


   Skills:
 - Level 1.5 Fighting
 + Level 4.3 Short Blades
 - Level 2.0 Throwing
 + Level 5.1 Dodging
 + Level 8.0 Stealth


You had 4 spell levels left.
You didn't know any spells.
Your spell library was empty.

Dungeon Overview and Level Annotations

Branches:
Dungeon (4/15)
 Temple: D:4-7

Altars:


Innate Abilities, Weirdness & Mutations

You are very small and have problems with some larger weapons.
You are too small for most types of armour.
You have supernaturally acute eyesight. (SInv)
You are a herbivore.
You cover ground extremely quickly.
You need to consume almost no food.


Message History

The orc priest shouts!
The orc priest miscasts a cantrip.
Throwing (i - inventory. (/) - cycle)
e - 9 curare-tipped darts (quivered)
Press: ? - help, Shift-Dir - straight line, f/p - orc priest
Aim: an orc priest You throw a curare-tipped dart.
The curare-tipped dart hits the orc priest.
The orc priest is poisoned.
The orc priest convulses.
The orc priest seems to slow down.
The orc priest is severely wounded.
The orc priest miscasts a cantrip.
The orc priest invokes the aid of Beogh against you.
Beogh smites you!
You kill the orc priest!
Your Dodging skill increases to level 5!
Your Stealth skill increases to level 8!
The orc priest mumbles some strange prayers to Beogh against you.
Beogh smites you!
Ouch! That really hurt!
You die...

####...........#........#
##.###..................##
##.............#.........##
###.......................##
#####.....................#.###
#..........##.......#..#.#..##
...............#.......##....##
..............##....##....##..##
......<.....#.##@....#....##...##
............####..##......##...#.
.............##..####.....###....
................#####......##....
.........#.......#......#.>......
.........###$...........##.......
.#.........o.#.##................
.#..........######...............
...<.........# #...............


You could see an orc priest.

Vanquished Creatures
  Blork the orc (D:4)
  An orc priest (D:4)
  8 adders
  An ooze (D:3)
  2 worms
  2 leopard geckos
  8 orcs
  6 giant cockroaches
  4 goblins
  9 hobgoblins
  3 jackals (D:2)
  A quokka (D:3)
  A ball python (D:3)
  8 bats
  2 frilled lizards
  9 kobolds
  14 rats
80 creatures vanquished.

Notes
Turn   | Place    | Note
-------+----------+-------------------------------------------
     0 | D:1      | Buxparty the Spriggan Assassin began the quest for the Orb.
     0 | D:1      | Reached XP level 1. HP: 10/10 MP: 2/2
    98 | D:1      | Reached skill level 6 in Stealth
   400 | D:1      | Reached XP level 2. HP: 14/14 MP: 3/3
   995 | D:1      | Reached XP level 3. HP: 4/18 MP: 4/4
  1887 | D:3      | Reached XP level 4. HP: 11/22 MP: 5/5
  2432 | D:3      | Reached skill level 7 in Stealth
  3534 | D:4      | Reached XP level 5. HP: 25/25 MP: 6/6
  3668 | D:4      | Noticed Blork the orc
  3934 | D:4      | Killed Blork the orc
  4325 | D:4      | Reached skill level 5 in Dodging
  4325 | D:4      | Reached skill level 8 in Stealth
  4327 | D:4      | Killed from afar by an orc priest

Levels and vault maps discovered:
D:1:      saegor_arrival_simple_e, layout_basic
D:2:      minmay_angry_zag, layout_basic
D:3:      layout_loops_cross
D:4:      lemuel_upstairs_altar, layout_cave_pools, uniq_blork_the_orc

Skill      XL: |  1  2  3  4  5 |
---------------+----------------+-----
Stealth        | 6 7 8 |  8.0
Dodging        | 2 3 4 5 |  5.1
Short Blades   | 3 4 |  4.3
Fighting       | |  1.5
Throwing       | |  2.0

Action                   |  1- 3 |  4- 6 || total
-------------------------+-------+-------++-------
Melee: Dagger            |   174 |   161 ||   335
Throw: Dart              |     1 |    10 ||    11
  Use: Potion            |     1 |       ||     1
 Stab: Sleeping          |    13 |     9 ||    22
       Distracted        |       |     2 ||     2
  Eat: Ration            |     3 |       ||     3
Armor: Robe              |    27 |    17 ||    44
Dodge: Dodged            |   144 |   121 ||   265
